[Event "Team 45 45 League T54"]
[Site "Internet Chess Club"]
[Date "2012.08.27"]
[Round "2"]
[White "krysto"]
[Black "Yedixon"]
[Result "0-1"]
[WhiteElo "1546"]
[BlackElo "1665"]
[Opening "QGD: Chigorin defense"]
[ECO "D07"]
[Time "10:01:22"]
[TimeControl "2700+45"]

1. d4 d5 2. c4 Nc6 3. Nf3 Bg4 4. e3 e5 5. dxe5 dxc4 6. Qxd8+ Rxd8 7. Bxc4 Nxe5
8. Be2 Nd3+ 9. Bxd3 Rxd3 10. Ke2 Rd7 11. h3 Bh5 12. b3 Nf6 13. g4 Bg6 14. Bb2
Bd3+ 15. Ke1 Be4 16. Ke2 Be7 17. Nc3 Bd3+ 18. Ke1 Ne4 19. Ne5 Bb4 20. Rc1 Rd5
21. Nxd3 Rxd3 22. Ke2 Rd2+ 23. Kf3 Nxf2 24. Rh2 Rxb2 25. Rxf2 Rxf2+ 26. Kxf2 O-O
27. Nd5 Bd6 28. Nxc7 Rc8 {White resigns} 0-1

[Event "Team 45 45 League T54"]
[Site "Internet Chess Club"]
[Date "2012.08.28"]
[Round "2"]
[White "Signalman"]
[Black "milesotoole"]
[Result "1-0"]
[WhiteElo "1557"]
[BlackElo "1618"]
[Opening "Sicilian: dragon variation"]
[ECO "B70"]
[Time "13:03:17"]
[TimeControl "2700+45"]

1. e4 c5 2. Nf3 d6 3. d4 cxd4 4. Nxd4 Nf6 5. Nc3 g6 6. Be2 Bg7 7. O-O Nc6 8. Bg5
Nxe4 9. Nxc6 Nxc3 10. Nxd8 Nxd1 11. Nxf7 Kxf7 12. Raxd1 Bxb2 13. Bc4+ Kf8 14.
Rfe1 e5 15. Rxd6 Bf5 16. Rf6+ Ke8 17. Bb5+ Bd7 18. Re6+ {Black resigns} 1-0

[Event "Team 45 45 League T54"]
[Site "Internet Chess Club"]
[Date "2012.08.25"]
[Round "2"]
[White "Berke"]
[Black "werty"]
[Result "1/2-1/2"]
[WhiteElo "1504"]
[BlackElo "1501"]
[Opening "French: Tarrasch, Guimard variation"]
[ECO "C04"]
[Time "14:32:56"]
[TimeControl "2700+45"]

1. e4 e6 2. d4 d5 3. Nd2 Nc6 4. c3 e5 5. exd5 Qxd5 6. Ngf3 exd4 7. Bc4 Qc5 8.
Nxd4 Nxd4 9. cxd4 Qxd4 10. Qa4+ Qd7 11. Qb3 Qe7+ 12. Kf1 b6 13. Nf3 Be6 14. Bg5
Qc5 15. Re1 Ne7 16. Bxe6 fxe6 17. Qxe6 Qd6 18. Qe4 Rd8 {Game drawn by mutual
agreement} 1/2-1/2

[Event "Team 45 45 League T54"]
[Site "Internet Chess Club"]
[Date "2012.08.27"]
[Round "2"]
[White "CamNewton"]
[Black "carokantor"]
[Result "0-1"]
[WhiteElo "2176"]
[BlackElo "2101"]
[Opening "Caro-Kann: exchange variation"]
[ECO "B13"]
[Time "22:10:40"]
[TimeControl "2700+45"]

1. e4 c6 2. d4 d5 3. exd5 cxd5 4. Nf3 Nc6 5. c3 g6 6. Bd3 Bg7 7. O-O Nh6 8. Qe2
O-O 9. Bf4 f6 10. Nbd2 Nf7 11. Rfe1 e5 12. Bg3 e4 13. Nxe4 dxe4 14. Bxe4 Bg4 15.
Qc4 Rc8 16. b4 Bxf3 17. gxf3 f5 18. Bc2 {White resigns} 0-1

[Event "Team 45 45 League T54"]
[Site "Internet Chess Club"]
[Date "2012.08.25"]
[Round "2"]
[White "The7thGuest"]
[Black "jorobo"]
[Result "1/2-1/2"]
[WhiteElo "2003"]
[BlackElo "1974"]
[Opening "QGD: Tarrasch, Prague variation"]
[ECO "D33"]
[Time "07:00:20"]
[TimeControl "2700+45"]

1. d4 d5 2. c4 e6 3. Nc3 c5 4. cxd5 exd5 5. Nf3 Nc6 6. g3 Nf6 7. h3 h6 8. Bg2
Be7 9. O-O O-O 10. dxc5 Bxc5 11. Na4 Be7 12. Nd4 Be6 13. Nxe6 fxe6 14. Nc3 d4
15. Ne4 Nxe4 16. Bxe4 Qd7 17. Bb1 Rf6 18. Qd3 Bc5 19. a3 a5 20. Qh7+ Kf7 21. h4
a4 22. h5 Ne7 23. Bf4 Qd5 24. Be4 Qxh5 25. Kg2 Rxf4 26. gxf4 Qg4+ 27. Kh1 Qh3+
28. Kg1 Qg4+ 29. Kh1 Qh3+ 30. Kg1 Qg4+ 31. Kh1 {Game drawn by repetition}
1/2-1/2

[Event "Team 45 45 League T54"]
[Site "Internet Chess Club"]
[Date "2012.08.22"]
[Round "2"]
[White "bshribharath"]
[Black "jrobic7"]
[Result "0-1"]
[WhiteElo "1887"]
[BlackElo "1850"]
[Opening "Réti opening"]
[ECO "A06"]
[Time "18:44:24"]
[TimeControl "2700+45"]

1. Nf3 d5 2. e3 c5 3. Bb5+ Bd7 4. c4 Bxb5 5. cxb5 Nf6 6. O-O e6 7. d3 Bd6 8. Re1
O-O 9. e4 dxe4 10. dxe4 Nxe4 11. Qc2 Nf6 12. Na3 Nbd7 13. Nc4 Be7 14. Bf4 Nd5
15. Bg3 N7b6 16. Rad1 Nxc4 17. Qxc4 Bd6 18. Ne5 Qc7 19. Nd3 Bxg3 20. hxg3 Rac8
21. Rc1 Qa5 22. Nxc5 b6 23. Qa4 Qd2 24. Red1 Qxb2 25. Rb1 Qe2 26. Re1 Qh5 27.
Nd7 Nc3 28. Qxa7 Nxb1 29. Rxb1 Rfd8 30. Nxb6 Rd1+ 31. Rxd1 Qxd1+ 32. Kh2 Qh5+
33. Kg1 Rc1# {White checkmated} 0-1

[Event "Team 45 45 League T54"]
[Site "Internet Chess Club"]
[Date "2012.08.25"]
[Round "2"]
[White "kabindra"]
[Black "azbycx"]
[Result "1/2-1/2"]
[WhiteElo "1811"]
[BlackElo "1856"]
[Opening "Sicilian: Nimzovich-Rubinstein variation"]
[ECO "B29"]
[Time "15:03:34"]
[TimeControl "2700+45"]

1. e4 c5 2. Nf3 Nf6 3. Nc3 d5 4. e5 Ne4 5. Bd3 Nxc3 6. dxc3 c4 7. Be2 Nc6 8. Bf4
Bg4 9. Nd4 Bxe2 10. Qxe2 Nxd4 11. cxd4 e6 12. c3 Be7 13. Qg4 g6 14. Bh6 Qb6 15.
O-O Bf8 16. Bg5 Bg7 17. Bf6 O-O 18. Rab1 Qa6 19. a3 b5 20. h4 h5 21. Qg5 Kh7 22.
f4 Bh6 23. Qg3 Rg8 24. Bg5 Qb6 25. Bxh6 Kxh6 26. Qg5+ Kh7 27. Rf3 Qd8 28. Rbf1
Kg7 29. Qg3 Kh6 30. Qf2 f5 31. exf6 Qxf6 32. Re3 Rae8 33. Re5 Re7 34. Qg3 Rf8
35. Rf3 Kh7 36. Rg5 Kh6 37. Qf2 Qg7 38. Qe3 Rf5 39. Rfg3 Rxg5 40. Rxg5 Kh7 41.
Qe2 Kh6 42. g3 a5 43. g4 Qf7 44. Qf3 Re8 45. gxh5 gxh5 46. Qe3 Rg8 47. f5 Rxg5+
48. hxg5+ Kg7 49. Qxe6 Qc7 50. Qxd5 Qg3+ 51. Qg2 Qe1+ 52. Kh2 Qh4+ 53. Qh3 Qf2+
54. Qg2 Qh4+ 55. Kg1 Qe1+ 56. Qf1 Qg3+ 57. Kh1 Qh4+ 58. Kg1 Qg3+ 59. Kh1 Qh4+
60. Kg2 Qg4+ 61. Kh2 Qh4+ 62. Qh3 Qf2+ 63. Qg2 {Game drawn by mutual agreement}
1/2-1/2

[Event "Team 45 45 League T54"]
[Site "Internet Chess Club"]
[Date "2012.08.26"]
[Round "2"]
[White "Jack-ONeill"]
[Black "nurmi"]
[Result "0-1"]
[WhiteElo "2055"]
[BlackElo "1966"]
[Opening "Pirc defense"]
[ECO "B07"]
[Time "15:00:28"]
[TimeControl "2700+45"]

1. d4 d6 2. e4 Nf6 3. Nc3 e5 4. Bc4 Nbd7 5. Nf3 Be7 6. O-O O-O 7. Qe2 c6 8. a4
Qc7 9. Ba2 a5 10. Rd1 Nb6 11. h3 Re8 12. Ng5 Rf8 13. Be3 Bd7 14. f4 exd4 15.
Bxd4 Rae8 16. e5 Nfd5 17. Qh5 Bf5 18. Nge4 Nxc3 19. Qxf5 Nxd1 20. exd6 Bxd6 21.
Ng5 Re1+ {White resigns} 0-1

[Event "Team 45 45 League T54"]
[Site "Internet Chess Club"]
[Date "2012.08.25"]
[Round "2"]
[White "Pason"]
[Black "Ptzz"]
[Result "1-0"]
[WhiteElo "2078"]
[BlackElo "2118"]
[Opening "QGD Slav: Steiner variation"]
[ECO "D16"]
[Time "09:05:05"]
[TimeControl "2700+45"]

1. d4 d5 2. Nf3 Nf6 3. c4 c6 4. Nc3 dxc4 5. a4 Bg4 6. Ne5 Bh5 7. Nxc4 e6 8. Qb3
Qc7 9. Bf4 Qxf4 10. Qxb7 Bb4 11. Qxb4 c5 12. Qxc5 Nbd7 13. Qd6 Qxd6 14. Nxd6+
Ke7 15. Nde4 Rab8 16. O-O-O Rb4 17. Nxf6 Nxf6 18. f3 Rc8 19. g4 Bg6 20. e4 Rxa4
21. h4 Bxe4 22. fxe4 Nxe4 23. Rh2 Nxc3 24. bxc3 Rxc3+ 25. Rc2 Ra1+ 26. Kd2 Rxc2+
27. Kxc2 Rxd1 28. Kxd1 h5 29. g5 f6 30. Kd2 fxg5 31. hxg5 Kf7 32. Ke3 a5 33. Be2
Kg6 34. Kf4 a4 35. Bc4 Kf7 36. Be2 a3 37. Bc4 Ke7 38. Ke5 g6 39. Ba2 Kd8 40.
Bxe6 Ke7 41. Ba2 Kd7 42. Ke4 Kd6 43. Bc4 Kc6 44. Ke3 Kd6 45. Kd2 Kc6 46. Kc3 h4
47. Bf1 Kd5 48. Bg2+ Ke6 49. Be4 h3 50. Kb3 h2 51. Kxa3 {Black resigns} 1-0

[Event "Team 45 45 League T54"]
[Site "Internet Chess Club"]
[Date "2012.08.27"]
[Round "2"]
[White "PandorasBox"]
[Black "koni"]
[Result "0-1"]
[WhiteElo "1855"]
[BlackElo "1932"]
[Opening "English: ultra-symmetrical variation"]
[ECO "A36"]
[Time "15:01:49"]
[TimeControl "2700+45"]

1. c4 c5 2. g3 g6 3. Bg2 Bg7 4. Nc3 Nc6 5. a3 a6 6. Rb1 Rb8 7. e3 b5 8. cxb5
axb5 9. Nge2 Nf6 10. O-O O-O 11. Ne4 Nxe4 12. Bxe4 d5 13. Bg2 Bg4 14. h3 Bf5 15.
Ra1 e5 16. d3 Qd6 17. e4 Be6 18. f4 dxe4 19. dxe4 Qxd1 20. Rxd1 Rfd8 21. Be3 Nd4
22. Bxd4 exd4 23. Rac1 Bc4 24. Kf2 Bxe2 25. Kxe2 c4 26. e5 f6 27. exf6 Bxf6 28.
Rd2 Re8+ 29. Kf2 d3 30. Bc6 Bd4+ 31. Kf3 Re3+ 32. Kg2 Re7 33. Rb1 Kf8 34. Bf3
Rbe8 35. g4 Be3 36. Rdd1 Bxf4 37. Bc6 Rb8 38. Rf1 g5 39. h4 h6 40. hxg5 hxg5 41.
Rh1 Re2+ 42. Kf3 Kg7 43. Rhe1 Rxe1 44. Rxe1 d2 45. Re7+ Kf6 46. Rd7 b4 47. a4 c3
48. bxc3 b3 49. Be4 b2 50. Bb1 Rb3 51. Rd3 Rxc3 {White resigns} 0-1

[Event "Team 45 45 League T54"]
[Site "Internet Chess Club"]
[Date "2012.08.27"]
[Round "2"]
[White "pkktet"]
[Black "Holzschlange"]
[Result "0-1"]
[WhiteElo "1810"]
[BlackElo "1843"]
[Opening "Ruy Lopez: exchange, Gligoric variation"]
[ECO "C69"]
[Time "13:00:39"]
[TimeControl "2700+45"]

1. e4 e5 2. Nf3 Nc6 3. Bb5 a6 4. Bxc6 dxc6 5. O-O f6 6. d4 Bg4 7. dxe5 Qxd1 8.
Rxd1 fxe5 9. Nbd2 O-O-O 10. Re1 Bd6 11. b3 Ne7 12. Bb2 Ng6 13. Nc4 Bxf3 14. gxf3
Rhf8 15. Re3 Bc5 16. Rd3 Rxd3 17. cxd3 Bd4 18. Bxd4 exd4 19. Nd2 Nf4 20. Rc1
Ne2+ {White resigns} 0-1

[Event "Team 45 45 League T54"]
[Site "Internet Chess Club"]
[Date "2012.08.26"]
[Round "2"]
[White "Docvan"]
[Black "houseofcook"]
[Result "1-0"]
[WhiteElo "1391"]
[BlackElo "1514"]
[Opening "French: King's Indian attack"]
[ECO "C00"]
[Time "13:00:25"]
[TimeControl "2700+45"]

1. e4 e6 2. d3 d5 3. Nd2 c5 4. Ngf3 Nc6 5. g3 Bd6 6. Bg2 Nge7 7. O-O O-O 8. Re1
f6 9. c3 e5 10. d4 cxd4 11. cxd4 Bg4 12. Qb3 Na5 13. Qa4 Bd7 14. Qd1 Bg4 15. h3
Bd7 16. exd5 exd4 17. Nxd4 Qc8 18. Ne2 Bxh3 19. Bxh3 Qxh3 20. Ne4 Qd7 21. Bf4
Bb4 22. d6 Ng6 23. Qd5+ Kh8 24. Red1 Nxf4 25. Nxf4 Nc6 26. a3 Ba5 27. Nc5 Qf7
28. Qxf7 Rxf7 29. d7 Rd8 30. Nfe6 Rb8 31. b4 Bb6 32. b5 Nd8 33. Nxd8 Bxd8 34.
Rac1 b6 35. Na6 Rb7 36. Rc8 Rbxd7 37. Rxd8+ Rxd8 38. Rxd8+ Rf8 39. Rxf8# {Black
checkmated} 1-0

[Event "Team 45 45 League T54"]
[Site "Internet Chess Club"]
[Date "2012.08.23"]
[Round "2"]
[White "MateIn42"]
[Black "PANAMA-REY"]
[Result "0-1"]
[WhiteElo "1366"]
[BlackElo "1464"]
[Opening "Lengfellner system"]
[ECO "B07"]
[Time "20:00:34"]
[TimeControl "2700+45"]

1. e4 d6 2. d4 e6 3. Nf3 h6 4. e5 d5 5. Bd3 Be7 6. O-O Bd7 7. c4 Bc6 8. c5 Bd7
9. Nc3 Nc6 10. Ne2 Nb4 11. Bb1 f6 12. a3 Nc6 13. Bg6+ Kf8 14. Re1 f5 15. Nf4 Bg5
16. h4 Bxf4 17. Bxf4 Nge7 18. h5 Nxg6 19. hxg6 Be8 20. Qb3 Rb8 21. Nh2 Nxd4 22.
Qd3 Nc6 23. Qg3 Nd4 24. Rac1 Nc6 25. Rc3 Ne7 26. Nf3 Nxg6 27. Bd2 c6 28. Qh3 Ne7
29. Ng5 Qd7 30. Rf3 Kg8 31. Qg3 hxg5 32. Qxg5 Rh5 33. Qg3 Ng6 34. Rb3 Qf7 35. f4
Ne7 36. Qf2 g6 37. Rg3 Qh7 38. Kf1 Rh1+ 39. Ke2 Rxe1+ 40. Qxe1 Qh5+ 41. Ke3 Qh7
42. Rh3 Qg7 43. Qh1 Rd8 44. Kd4 b6 45. b4 bxc5+ 46. bxc5 Rb8 47. Be1 Rb1 48. g4
Rd1+ 49. Kc3 d4+ 50. Kc2 Ra1 51. Kb2 Rd1 52. Kc2 Ra1 53. Kb2 fxg4 54. Rd3 Rxe1
55. Qxe1 Nf5 56. Qg1 Qh6 57. Qxg4 Qh2+ 58. Kb3 Qh1 59. Rd1 Qd5+ 60. Kb4 Ne3 61.
Qg1 Nxd1 62. Qxd1 a5+ 63. Ka4 Qxc5 64. Qe2 Qd5 65. Qd3 c5+ 66. Kxa5 c4+ {White
resigns} 0-1

[Event "Team 45 45 League T54"]
[Site "Internet Chess Club"]
[Date "2012.08.23"]
[Round "2"]
[White "pereelcoix"]
[Black "Visin"]
[Result "1/2-1/2"]
[WhiteElo "1289"]
[BlackElo "1315"]
[Opening "Ruy Lopez: exchange variation"]
[ECO "C68"]
[Time "10:00:42"]
[TimeControl "2700+45"]

1. e4 e5 2. Nf3 Nc6 3. Bb5 a6 4. Bxc6 dxc6 5. Nxe5 Qe7 6. d4 f6 7. Nd3 Qxe4+ 8.
Qe2 Qxe2+ 9. Kxe2 Bf5 10. Re1 O-O-O 11. Be3 Ne7 12. Kf1 Bxd3+ 13. cxd3 Nf5 14.
Nc3 Bb4 15. a3 Ba5 16. b4 Bb6 17. d5 Bxe3 18. fxe3 cxd5 19. d4 Rhe8 20. Nd1 Rd6
21. g4 Nh4 22. Nc3 c6 23. Kf2 Rde6 24. h3 f5 25. Re2 fxg4 26. hxg4 Rf8+ 27. Kg3
g5 28. Kh2 Ref6 29. Kg3 Rf3+ 30. Kh2 Rf2+ 31. Kg1 Rxe2 32. Nxe2 Nf3+ 33. Kg2 Nd2
34. Ng3 Nc4 35. Nf5 Kd7 36. Rh1 Rf7 37. Rh5 Nxa3 38. Nh6 Re7 39. Nf5 Re8 40.
Rxh7+ Kd8 41. Rxb7 Nc2 42. Rb8+ Kd7 43. Rb7+ Kd8 44. Nd6 Rxe3 45. Nf7+ Kc8 46.
Nd6+ Kd8 47. Nf7+ Ke8 48. Nd6+ Kf8 49. Rb8+ Ke7 50. Nf5+ Kd7 51. Nxe3 Nxe3+ 52.
Kf2 Nxg4+ 53. Ke2 Kc7 54. Rg8 Kb6 55. Rxg5 Nf6 56. Kd3 Ne8 57. Kc3 Nd6 58. Rg6
Nb5+ 59. Kd3 Nc7 60. Rg8 Kb7 61. Rd8 Ne6 62. Rd7+ Nc7 63. Rh7 Kb6 64. Kc3 Nb5+
65. Kd3 Nd6 66. Rh6 Nb7 67. Kc3 a5 68. bxa5+ Nxa5 69. Kb4 Nc4 70. Rf6 Ne3 71.
Re6 Nf5 72. Kc3 Kb5 73. Re8 Kb6 74. Kb4 Nxd4 75. Rb8+ Kc7 76. Rf8 Kd6 77. Rd8+
Kc7 78. Rf8 c5+ 79. Kxc5 Ne6+ 80. Kxd5 Nxf8 {Game drawn because neither player
has mating material} 1/2-1/2

[Event "Team 45 45 League T54"]
[Site "Internet Chess Club"]
[Date "2012.08.24"]
[Round "2"]
[White "Hal2001"]
[Black "birk113"]
[Result "1-0"]
[WhiteElo "1667"]
[BlackElo "1509"]
[Opening "French: Two knights variation"]
[ECO "C00"]
[Time "13:03:39"]
[TimeControl "2700+45"]

1. e4 e6 2. Nf3 d5 3. Nc3 Nf6 4. e5 Nfd7 5. d4 c5 6. dxc5 Bxc5 7. Bd3 Nc6 8. Bf4
Qb6 9. O-O a6 10. Rb1 Qc7 11. Re1 Nd4 12. Bg3 Nb6 13. a4 Bd7 14. Nxd4 Bxd4 15.
a5 Bxc3 16. axb6 Qc5 17. bxc3 Qxc3 18. Qg4 Kf8 19. Qb4+ Qxb4 20. Rxb4 g6 21. Bh4
Bc6 22. Bf6 Rg8 23. c4 a5 24. Rb2 Ke8 25. cxd5 exd5 26. e6 fxe6 27. Rxe6+ Kf7
28. Rbe2 a4 29. Bd4 Rge8 30. Rxe8 Bxe8 31. Ra2 Rc8 32. f3 Rc1+ 33. Kf2 Rc8 34.
Bc2 Ra8 35. Ra3 Bc6 36. Ke2 Ra5 37. Bd3 Ke6 38. Kd2 Ra8 39. Kc3 Kf7 40. Kb4 Bd7
41. Bb5 Bf5 42. Rxa4 Rc8 43. Ra7 Rc2 44. Rxb7+ Kf8 45. Bc5+ Kg8 46. Rc7 {Black
resigns} 1-0

[Event "Team 45 45 League T54"]
[Site "Internet Chess Club"]
[Date "2012.08.27"]
[Round "2"]
[White "akshayk06"]
[Black "Bryant-L"]
[Result "1-0"]
[WhiteElo "1471"]
[BlackElo "1446"]
[Opening "QGD: Ragozin variation"]
[ECO "D38"]
[Time "13:00:44"]
[TimeControl "2700+45"]

1. d4 d5 2. c4 e6 3. Nc3 Nf6 4. Nf3 Bb4 5. Bg5 h6 6. Bh4 c6 7. e3 Nbd7 8. Bd3
Qa5 9. Qc2 c5 10. O-O cxd4 11. Nxd4 dxc4 12. Bxc4 Bxc3 13. Qxc3 Qh5 14. Bg3 Ne4
15. Qc2 Nxg3 16. fxg3 Nf6 17. Rad1 O-O 18. Be2 Qg5 19. Qb3 Nd5 20. Nf3 Qe7 21.
e4 Qc5+ 22. Nd4 Ne7 23. Qb5 Qc7 24. Kh1 a6 25. Qb3 Qe5 26. Bf3 Rd8 27. Qb4 a5
28. Qxe7 Rxd4 29. Qe8+ Kh7 30. Rxd4 Qxd4 31. Rd1 Qf2 32. e5 Qxb2 33. h4 Qxe5 34.
Kh2 f5 35. Rd8 g6 36. Qg8# {Black checkmated} 1-0

[Event "Team 45 45 League T54"]
[Site "Internet Chess Club"]
[Date "2012.08.26"]
[Round "2"]
[White "DutchBird"]
[Black "Patzer4Life"]
[Result "1-0"]
[WhiteElo "1355"]
[BlackElo "1351"]
[Opening "French: exchange variation"]
[ECO "C01"]
[Time "11:00:36"]
[TimeControl "2700+45"]

1. e4 e6 2. d4 d5 3. exd5 exd5 4. c4 c6 5. Nc3 Nf6 6. Nf3 Be7 7. Bd3 Be6 8. c5
O-O 9. O-O Nbd7 10. Qc2 g6 11. Bh6 Re8 12. h3 Bf8 13. Bg5 Bg7 14. Rfe1 Qc7 15.
Qd2 a5 16. Na4 b5 17. cxb6 Nxb6 18. Nc5 Nbd7 19. Nxe6 Rxe6 20. Rxe6 fxe6 21. Rc1
a4 22. Qc2 Ne4 23. Bxe4 dxe4 24. Qxe4 {Black resigns} 1-0

[Event "Team 45 45 League T54"]
[Site "Internet Chess Club"]
[Date "2012.08.24"]
[Round "2"]
[White "medsurg"]
[Black "arconia"]
[Result "0-1"]
[WhiteElo "1355"]
[BlackElo "1337"]
[Opening "Sicilian: Nimzovich-Rossolimo attack (without ...d6)"]
[ECO "B30"]
[Time "18:00:13"]
[TimeControl "2700+45"]

1. e4 c5 2. Nf3 Nc6 3. Bb5 e6 4. d3 a6 5. Bxc6 bxc6 6. Na3 Bb7 7. Nc4 d5 8. Ncd2
Qc7 9. Qe2 e5 10. c4 Bd6 11. b3 Nf6 12. Bb2 d4 13. Nh4 O-O 14. Nf5 Bc8 15. O-O
Rb8 16. h3 Re8 17. Qf3 h6 18. Rae1 Nh7 19. h4 Bxf5 20. Qxf5 g6 21. Qh3 Nf6 22.
Bc1 Kg7 23. Nf3 Nh5 24. Qg4 Rh8 25. Nh2 Nf6 26. Qg3 Rbf8 27. f4 Nh5 28. Qf2 exf4
29. Ng4 f5 30. e5 fxg4 31. exd6 Qxd6 32. Re4 g5 33. Rfe1 Rf7 34. Re5 Ng3 35.
hxg5 hxg5 36. Qxg3 fxg3 37. Rxg5+ Kf8 38. Rge5 Kg7 39. Rg5+ Kf8 40. Rge5 Qf6 41.
Re8+ Kg7 42. R8e2 Rh1+ 43. Kxh1 Qh4+ {White resigns} 0-1

[Event "Team 45 45 League T54"]
[Site "Internet Chess Club"]
[Date "2012.08.27"]
[Round "2"]
[White "BetterthanU"]
[Black "samprabhur"]
[Result "1-0"]
[WhiteElo "1534"]
[BlackElo "1352"]
[Opening "QGD: 3...Nf6"]
[ECO "D35"]
[Time "20:00:45"]
[TimeControl "2700+45"]

1. d4 d5 2. c4 e6 3. Nc3 Nf6 4. e3 c5 5. Nf3 Nc6 6. Be2 Be7 7. Na4 b6 8. O-O O-O
9. Qc2 Ne4 10. Nc3 Nf6 11. a3 a5 12. cxd5 exd5 13. Bb5 Qc7 14. Ng5 Bd7 15. Nxd5
Qxh2+ 16. Kxh2 Ng4+ 17. Kg1 Bxg5 18. f3 Nxd4 19. exd4 Bxb5 {Black resigns} 1-0

[Event "Team 45 45 League T54"]
[Site "Internet Chess Club"]
[Date "2012.08.24"]
[Round "2"]
[White "IanT"]
[Black "iwin2"]
[Result "1-0"]
[WhiteElo "1560"]
[BlackElo "1531"]
[Opening "Sicilian: Alapin's variation (2.c3)"]
[ECO "B22"]
[Time "20:32:27"]
[TimeControl "2700+45"]

1. e4 c5 2. c3 g6 3. d4 cxd4 4. cxd4 d5 5. Nc3 dxe4 6. Nxe4 e6 7. a3 Bg7 8. Nf3
Nc6 9. Be3 Nge7 10. Bb5 O-O 11. Rc1 a6 12. Ba4 b5 13. Bb3 Bb7 14. Nc5 Rb8 15.
Bf4 Nxd4 16. Nxd4 Qxd4 17. Qxd4 Bxd4 18. Bxb8 Rxb8 19. Nxb7 Rxb7 20. Rc2 a5 21.
Rd2 e5 22. O-O a4 23. Bd1 Nf5 24. Bf3 Rd7 25. Bc6 Ra7 26. Bxb5 Ne3 27. Rxd4 exd4
28. fxe3 dxe3 29. Re1 Re7 30. Bxa4 f5 31. g3 g5 32. h3 f4 33. gxf4 gxf4 34. Kg2
Kg7 35. Kf3 Rf7 36. b4 Kg6 37. Be8 {Black resigns} 1-0

[Event "Team 45 45 League T54"]
[Site "Internet Chess Club"]
[Date "2012.08.23"]
[Round "2"]
[White "chesschessboy"]
[Black "SeniorCitizen"]
[Result "0-1"]
[WhiteElo "1356"]
[BlackElo "1371"]
[Opening "French: Rubinstein variation"]
[ECO "C10"]
[Time "14:02:40"]
[TimeControl "2700+45"]

1. e4 e6 2. d4 d5 3. Nc3 dxe4 4. Nxe4 Nf6 5. Qd3 Nxe4 6. Qxe4 Qd5 7. Bd3 Qxe4+
8. Bxe4 c6 9. Nf3 Be7 10. Bf4 O-O 11. O-O-O Nd7 12. h4 Nf6 13. Bd3 Ng4 14. Rd2
b6 15. Ne5 Bd6 16. f3 Nxe5 17. dxe5 Be7 18. g4 Bb7 19. Be4 Rad8 20. Rg2 Rd7 21.
Rh3 Rfd8 22. Bd3 c5 23. c4 Rxd3 24. Rgg3 R3d4 25. Be3 Rxc4+ 26. Kb1 Rd1+ {White
resigns} 0-1

[Event "Team 45 45 League T54"]
[Site "Internet Chess Club"]
[Date "2012.08.27"]
[Round "2"]
[White "BosqueVerde"]
[Black "tornado100"]
[Result "0-1"]
[WhiteElo "1190"]
[BlackElo "1286"]
[Opening "QGD Slav defense"]
[ECO "D10"]
[Time "19:35:20"]
[TimeControl "2700+45"]

1. d4 d5 2. c4 c6 3. Nc3 Nf6 4. Qc2 dxc4 5. e4 Qxd4 6. Be3 Qd8 7. Rd1 Qc7 8.
Bxc4 e6 9. a3 Bd6 10. Nf3 O-O 11. O-O Nbd7 12. b4 Ne5 13. Nxe5 Bxe5 14. Rd2 Bxc3
15. Qxc3 Nxe4 16. Qb2 Nxd2 17. Bxd2 Rd8 18. Bc3 f6 19. Re1 Re8 20. Re3 Kf8 21.
Rf3 e5 22. b5 c5 23. Ba2 Bg4 24. Rg3 Rad8 25. h3 Rd1+ 26. Kh2 Be6 27. h4 Qd7 28.
h5 Rd3 29. Bxe6 Rxe6 30. f3 Rb6 31. a4 a6 32. Qa3 Qd6 33. h6 g6 34. Rg4 e4+ 35.
Kh3 exf3 36. Kh4 Qh2# {White checkmated} 0-1

[Event "Team 45 45 League T54"]
[Site "Internet Chess Club"]
[Date "2012.08.28"]
[Round "2"]
[White "milesotoole"]
[Black "krysto"]
[Result "0-1"]
[WhiteElo "1599"]
[BlackElo "1565"]
[Opening "French: Tarrasch, closed variation, main line"]
[ECO "C06"]
[Time "21:16:43"]
[TimeControl "2700+45"]

1. e4 e6 2. d4 d5 3. Nd2 Nf6 4. e5 Nfd7 5. Bd3 c5 6. c3 Nc6 7. Ne2 cxd4 8. cxd4
f6 9. exf6 Nxf6 10. O-O Bd6 11. Nf3 Qc7 12. Bg5 O-O 13. Rc1 Ng4 14. Ng3 Bd7 15.
Nd2 e5 16. Be2 Nf6 17. Nb3 e4 18. f3 Bxg3 19. hxg3 Qxg3 20. Bxf6 Rxf6 21. fxe4
Qe3+ 22. Kh1 Rh6+ 23. Bh5 g6 24. Rc3 {White resigns} 0-1

[Event "Team 45 45 League T54"]
[Site "Internet Chess Club"]
[Date "2012.08.25"]
[Round "2"]
[White "BotanicalKnight"]
[Black "burnsy"]
[Result "0-1"]
[WhiteElo "1526"]
[BlackElo "1464"]
[Opening "Sicilian: closed"]
[ECO "B23"]
[Time "21:05:26"]
[TimeControl "2700+45"]

1. e4 c5 2. Nc3 a6 3. g3 e5 4. Bg2 Nf6 5. d3 Be7 6. f4 Nc6 7. Nf3 d6 8. O-O Bg4
9. h3 Bxf3 10. Qxf3 Nd4 11. Qd1 exf4 12. Bxf4 Qb6 13. Rb1 h6 14. g4 g5 15. Be3
O-O-O 16. Rxf6 Bxf6 17. Nd5 Qa5 18. Nxf6 Qxa2 19. Nd5 Kb8 20. c3 Ne2+ 21. Kh2 h5
22. gxh5 Nf4 23. Bxf4 gxf4 24. Nxf4 Rdg8 25. e5 dxe5 26. Ra1 Qxb2 27. Rb1 Qf2
28. Rxb7+ Kc8 29. Qb3 Qxf4+ 30. Kh1 Qc1+ 31. Kh2 Rxg2+ 32. Kxg2 Rg8+ 33. Kf2
Qd2+ 34. Kf3 Qg2+ {White resigns} 0-1

[Event "Team 45 45 League T54"]
[Site "Internet Chess Club"]
[Date "2012.08.27"]
[Round "2"]
[White "Berke"]
[Black "Elalfer"]
[Result "1/2-1/2"]
[WhiteElo "1499"]
[BlackElo "1395"]
[Opening "Sicilian: Smith-Morra gambit"]
[ECO "B21"]
[Time "10:00:40"]
[TimeControl "2700+45"]

1. e4 c5 2. d4 cxd4 3. c3 dxc3 4. Nxc3 Nc6 5. Nf3 e6 6. Bf4 Bb4 7. Bc4 Nge7 8.
O-O Bxc3 9. bxc3 d5 10. exd5 Nxd5 11. Bg5 f6 12. Bxd5 Qxd5 13. Qxd5 exd5 14.
Rfe1+ Kf7 15. Be3 Bg4 16. Nd2 Rad8 17. Nb3 {Game drawn by mutual agreement}
1/2-1/2

[Event "Team 45 45 League T54"]
[Site "Internet Chess Club"]
[Date "2012.08.26"]
[Round "2"]
[White "tamky70"]
[Black "Iowa-Archer"]
[Result "1-0"]
[WhiteElo "1394"]
[BlackElo "1377"]
[Opening "Sicilian: Scheveningen, Keres attack"]
[ECO "B81"]
[Time "14:00:31"]
[TimeControl "2700+45"]

1. e4 c5 2. Nf3 d6 3. d4 cxd4 4. Nxd4 e6 5. Nc3 Nf6 6. g4 a6 7. h4 Nc6 8. g5 Ng4
9. Nxc6 bxc6 10. Qxg4 e5 11. Qf3 Be6 12. Rg1 d5 13. Bh3 Bxh3 14. Qxh3 d4 15. Ne2
Bb4+ 16. Bd2 Qa5 17. c3 dxc3 18. Bxc3 Bxc3+ 19. Qxc3 Qxc3+ 20. Nxc3 Rd8 21. Rd1
Rb8 22. b3 O-O 23. Ke2 g6 24. Rd6 Rfc8 25. Rgd1 Kf8 26. Kd2 Rd8 27. Kc2 Ke7 28.
Rxd8 Rxd8 29. Rxd8 Kxd8 30. Kd3 Kd7 31. Kc4 Kc7 32. Kc5 Kd7 33. Na4 Ke6 34. Kxc6
f6 35. Nc5+ Kf7 36. Nxa6 fxg5 37. hxg5 Kg7 38. Nc5 h6 39. gxh6+ Kxh6 40. a4 Kg5
41. a5 Kf4 42. a6 g5 43. a7 g4 44. a8=Q Kf3 45. Qf8+ Ke2 46. b4 {Black resigns}
1-0

[Event "Team 45 45 League T54"]
[Site "Internet Chess Club"]
[Date "2012.08.24"]
[Round "2"]
[White "JRussell2"]
[Black "Littlemon"]
[Result "0-1"]
[WhiteElo "1406"]
[BlackElo "1238"]
[Opening "Ruy Lopez: classical defense, 4.c3"]
[ECO "C64"]
[Time "19:01:14"]
[TimeControl "2700+45"]

1. e4 e5 2. Nf3 Nc6 3. Bb5 Bc5 4. c3 Nf6 5. d3 O-O 6. Bxc6 dxc6 7. Nxe5 Re8 8.
Nf3 Bg4 9. O-O Qd7 10. Bg5 Be7 11. Re1 Rad8 12. d4 c5 13. e5 Nd5 14. Bxe7 Qxe7
15. Nbd2 cxd4 16. cxd4 Qb4 17. Qb3 Be6 18. Qxb4 Nxb4 19. Rec1 c6 20. a3 Nd3 21.
Rc2 Bf5 22. b4 Nxf2 23. Rcc1 Nd3 24. Rd1 Nf4 25. h3 Ne2+ 26. Kf2 Nxd4 27. Nxd4
Rxd4 28. Nf3 Rdd8 29. g4 Bg6 30. h4 h6 31. h5 Bc2 32. Re1 Bb3 33. Rab1 Be6 34.
Kg3 Rd3 35. Red1 Rxa3 36. Kf4 Bd5 37. Nd4 Re6 38. Nxe6 Rf3# {White checkmated}
0-1